 Dungeon Crawl Stone Soup version 0.29-a0-551-gffc1d7fb78 (webtiles) character file.

Game seed: 6091528031960891648

15 shadowstone the Grave Robber (level 2, 0/15 HPs)
             Began as a Tengu Necromancer on June 5, 2022.
             Was a Plaything of Xom.
             Slain by a jackal (3 damage)
             ... on level 1 of the Dungeon.
             The game lasted 00:05:54 (1663 turns).

shadowstone the Grave Robber (Tengu Necromancer)    Turns: 1663, Time: 00:05:55

Health: 0/15       AC:  3    Str:  8    XL:     2   Next: 50%
Magic:  6/6        EV: 13    Int: 15    God:    Xom [..*...]
Gold:   24         SH:  0    Dex: 20    Spells: 4/5 levels left

rFire   . . .      SeeInvis .   (no weapon)
rCold   + . .      Faith    .   (no shield)
rNeg    . . .      Spirit   .   a - +0 robe
rPois   .          Reflect  .   (helmet restricted)
rElec   .          Harm     .   (no cloak)
rCorr   .          Rampage  .   e - +0 pair of gloves
Will    .....                   (boots unavailable)
Stlth   ++........              h - amulet of magic regeneration
HPRegen 0.05/turn               c - ring of protection from cold
MPRegen 0.50/turn               f - +6 ring of dexterity

@: no status effects
A: beak, talons 3
a: Renounce Religion


You were on level 1 of the Dungeon.
You worshipped Xom.
You were a toy of Xom.
You visited 1 branch of the dungeon, and saw 1 of its levels.

You collected 24 gold pieces.

Inventory:

Armour
 a - a +0 robe (worn)
 e - a +0 pair of gloves (worn)
Jewellery
 c - a ring of protection from cold (left hand)
 d - a ring of fire
 f - a +6 ring of dexterity (right hand)
 h - an amulet of magic regeneration (around neck)
Potions
 b - a potion of magic
 g - a potion of attraction {unknown}


   Skills:
 + Level 2.2 Dodging
 + Level 2.0 Stealth
 + Level 2.0 Spellcasting
 + Level 5.1 Necromancy


You had 4 spell levels left.
You knew the following spells:

 Your Spells              Type           Power      Damage    Failure   Level
a - Necrotize             Necr           64%        1d7       2%          1

Your spell library contained the following spells:

 Spells                   Type           Power      Damage    Failure   Level
 Vampiric Draining        Necr           16%        2d7       9%          3
 Animate Dead             Necr           16%        N/A       26%         4
 Agony                    Necr           16%        N/A       58%         5


Dungeon Overview and Level Annotations

Branches:
Dungeon (1/15)

Altars:
Xom


Innate Abilities, Weirdness & Mutations

You have a beak for a mouth.
You have claws for feet.


Message History

A jackal comes into view.
The jackal moves out of view.
You hit the hobgoblin but do no damage. The hobgoblin completely misses you.
You hit the hobgoblin.
The hobgoblin is moderately wounded.
The hobgoblin closely misses you.
You hit the hobgoblin but do no damage. Your kick misses the hobgoblin.
You peck the hobgoblin, but do no damage.
The hobgoblin is moderately wounded.
The jackal bites you but does no damage.
The endoplasm hits you but does no damage.
The hobgoblin misses you.
You hit the hobgoblin.
The hobgoblin is severely wounded.
The endoplasm barely misses you. The hobgoblin closely misses you.
You hit the hobgoblin. You peck the hobgoblin.
You kill the hobgoblin!
The jackal bites you.
The jackal bites you but does no damage. x2
The jackal closely misses you.
The endoplasm jiggles.
The endoplasm hits you.
The jackal bites you but does no damage.
The jackal attacks as you move away! The jackal closely misses you.
The jackal barely misses you. x2
You closely miss the jackal. The jackal barely misses you. x2
The jackal closely misses you.
You hit the jackal but do no damage. You claw the jackal, but do no damage.
The jackal bites you. x2
* * * LOW HITPOINT WARNING * * *
The jackal misses you. The jackal closely misses you.
The jackal bites you but does no damage.
The jackal misses you.
You hit the jackal but do no damage. You claw the jackal, but do no damage.
Your peck misses the jackal.
The jackal bites you but does no damage. x2
The jackal bites you.
* * * LOW HITPOINT WARNING * * *
You barely miss the jackal. Your kick misses the jackal. The jackal bites you.
You die...

..#..# ######.# #.#
#........... #...## ######.#
#.############## .....#
#......# #.#..
....##.#.#########.#.######
.....#.#.#.......#.#.#....##
....##.......###.#.#.#.....
.#.#...#...#.......).#...
####.#######.....h...#.## ..
...........@hJ.....# ##
############h.#.#..#
.............
####..#.#..##.# #....#..# #
#.##.#..# .........
##.##.#####


You could see an endoplasm and 3 jackals.

Vanquished Creatures
  2 dart slugs (D:1)
  A giant cockroach (D:1)
  A hobgoblin (D:1)
  A quokka (D:1)
  5 ball pythons (D:1)
  A frilled lizard (D:1)
  A kobold (D:1)
12 creatures vanquished.

Notes
Turn   | Place    | Note
-------+----------+-------------------------------------------
     0 | D:1      | shadowstone the Tengu Necromancer began the quest for the
                  | Orb.
     0 | D:1      | Reached XP level 1. HP: 10/10 MP: 4/4
   141 | D:1      | Found a faded altar of an unknown god.
   151 | D:1      | Prayed at the altar of an unknown god.
   151 | D:1      | Became a worshipper of Xom of Chaos
   288 | D:1      | XOM: silly message
   365 | D:1      | XOM: divination: detect creatures
   480 | D:1      | XOM: silly message
   758 | D:1      | XOM: cloud trail
   864 | D:1      | Reached XP level 2. HP: 4/15 MP: 6/6
  1227 | D:1      | Reached skill level 5 in Necromancy
  1628 | D:1      | XOM: enchant monster (good)
  1663 | D:1      | Slain by a jackal

Illustrated notes

Levels and vault maps discovered:
D:1:      co_arrival_square_in_a_square_in_a_square, layout_basic,
          basic_ecumenical_altar, minmay_misc_feat_enclosed, minivault_5

Skill      XL: |  1  2 |
---------------+-------+-----
Necromancy     | 5 |  5.1
Dodging        | |  2.2
Stealth        | |  2.0
Spellcasting   | |  2.0

Action                   || total
-------------------------++-------
Melee: Unarmed           ||    63
       Kick              ||    17
       Peck              ||     9
       Punch             ||     1
  Use: Scroll            ||     2
 Stab: Sleeping          ||     1
Armor: Robe              ||    24
Dodge: Dodged            ||    37

Table legend: (Time is in decaauts)
 A = Elapsed time spent in this place.
 B = Non-inter-level travel time spent in this place.
 C = Inter-level travel time spent in this place.
 D = Time resting spent in this place.
 E = Time spent auto-exploring this place.
 F = Levels seen in this place.
 G = Mean time per level.
                   A        B        C        D        E       F      G
               +--------+--------+--------+--------+--------+-----+--------+
         Total |   1662 |   1658 |      4 |   1033 |      0 |   1 | 1662.0 |
       Dungeon |   1662 |   1658 |      4 |   1033 |      0 |   1 | 1662.0 |
               +--------+--------+--------+--------+--------+-----+--------+

Top non-repeatable levels by time:
     D:1: 1662 daAuts
